 Dungeon Sprint DCSS version 0.28-a0-206-gc2c9e32840 (webtiles) character file.

Game seed: 5465342552763918087

49437 MikeHunt the Brawler (level 14, -22/135 HPs)
             Began as a Ghoul Fighter on Aug 20, 2021.
             Was the Champion of Cheibriados.
             Annihilated by a stone giant (31 damage)
             ... in the Dungeon (Sprint IX: "|||||||||||||||||||||||||||||").
             The game lasted 00:12:18 (2819 turns).

MikeHunt the Brawler (Ghoul Fighter)                Turns: 2819, Time: 00:12:19

Health: -22/135    AC: 19    Str: 36    XL:     14   Next: 50%
Magic:  5/22       EV: 25    Int: 18    God:    Cheibriados [******]
Gold:   1088       SH: 16    Dex: 27    Spells: 13/13 levels left

rFire   + . .      SeeInvis .     - Unarmed
rCold   + + .      Faith    .   b - +0 kite shield
rNeg    + + +      Spirit   .   C - +0 storm dragon scales
rPois   ∞          Reflect  .   (no helmet)
rElec   +          Harm     .   A - scarf {rC+ rF+}
rCorr   .          Rampage  .   D - +1 pair of gloves
Will    ++...      NoTele   +   (no boots)
Stlth   ..........              a - amulet of the acrobat
HPRegen 0.00/turn               n - +2 ring of evasion
MPRegen 0.18/turn               l - ring of willpower

@: inhibited regen, very slow
A: claws 1, cold resistance 1, negative energy resistance 3, inhibited
regeneration, torment resistance 2
a: Renounce Religion, Bend Time, Temporal Distortion, Slouch, Step From Time


You were in the Dungeon.
You worshipped Cheibriados.
Cheibriados was exalted by your worship.
You visited 1 branch You collected 1921 gold pieces.
You spent 833 gold pieces at shops.

Inventory:

Missiles
 u - 4 throwing nets (quivered)
Armour
 b - a +0 kite shield (worn)
 v - a +2 chain mail of willpower
 w - +1 fire dragon scales
 A - a scarf of resistance (worn)
 B - the +0 cloak "Req Vul" {Str+6}
   (You found it in the Dungeon)

   Str:       It affects your strength (+6).
 C - +0 storm dragon scales (worn)
 D - a +1 pair of gloves (worn)
Jewellery
 a - an amulet of the acrobat (around neck)
 l - a ring of willpower (right hand)
 n - a +2 ring of evasion (left hand)
 o - a +2 ring of evasion
 t - a ring of protection from cold
Wands
 j - a wand of acid (2)
Scrolls
 h - 3 scrolls of blinking
 q - 3 scrolls of fear
 r - 3 scrolls of fog
 s - 4 scrolls of enchant weapon
 x - 2 scrolls of identify {unknown}
 y - a scroll of silence {unknown}
 z - a scroll of acquirement {unknown}
Potions
 c - 2 potions of might
 d - 8 potions of curing
 e - a potion of invisibility
 f - 3 potions of haste
 g - 5 potions of magic
 i - 6 potions of heal wounds
 p - a potion of brilliance


   Skills:
 + Level 15.1 Fighting
 + Level 15.1 Armour
 + Level 15.1 Dodging
 - Level 15.0 Shields
 + Level 17.1 Unarmed Combat
 - Level 12.0 Invocations
 - Level 14.0 Evocations


You had 13 spell levels left.
You didn't know any spells.
Your spell library was empty.

Dungeon Overview and Level Annotations

Branches:
Dungeon (1/1)

Altars:
Cheibriados
Dithmenos
Elyvilon
Fedhas
Gozag
Hepliaklqana
Kikubaaqudgha
Makhleb
Nemelex Xobeh
Okawaru
Qazlal
Ru
Sif Muna
Trog
Uskayaw
Vehumet
Wu Jian
Xom
Yredelemnul
Zin
The Shining One
Beogh
Jiyva
Lugonu

Shops:
D [((*


Innate Abilities, Weirdness & Mutations

You thrive by killing the living.
You are immune to poison.
You have sharp fingernails.
Your flesh is cold resistant. (rC+)
You are immune to negative energy. (rN+++)
You do not regenerate when monsters are visible.
You are immune to unholy pain and torment.


Message History

Things that are here:
a +0 long sword; a +0 robe; a fire dragon corpse You punch the stone giant!
The stone giant is almost dead.
You hit the stone giant but do no damage.
The stone giant is almost dead.
You block the stone giant's attack.
You hit the stone giant.
The stone giant is almost dead.
The stone giant hits you!
You pummel the stone giant!!
You kill the stone giant!
Cheibriados appreciates the change of pace.
You hit the stone giant but do no damage.
The stone giant is moderately wounded.
The stone giant misses you.
You pummel the stone giant!!
The stone giant is severely wounded.
You hit the stone giant.
The stone giant is severely wounded.
The stone giant hits you but does no damage.
You hit the stone giant.
The stone giant is severely wounded.
The stone giant hits you!!
* * * LOW HITPOINT WARNING * * *
Aiming: Corrosive Bolt
Press: ? - help, Shift-Dir - straight line, f - stone giant
Aim: a stone giant, quivering large rocks (severely wounded, 100% to hit)
The bolt of acid hits the stone giant!
The stone giant is splashed with acid!
The acid corrodes the stone giant!
The stone giant is almost dead.
The bolt of acid hits the great orb of eyes!!
The great orb of eyes is splashed with acid!
The acid corrodes the great orb of eyes!
The great orb of eyes is almost dead.
The bolt of acid hits the fire giant!!
The fire giant is splashed with acid.
The acid corrodes the fire giant!
The fire giant is heavily wounded.
The stone giant hits you!!
You die...

†▓.▓.▓.▓.▓.♣.♣.▓C▓
†▓.▓.▓.▓)▓.♣.♣.▓.▓
†▓.▓.▓.▓)▓.♣.♣.▓.▓
.▓)▓)▓.▓)▓.♣.♣.▓.▓
.▓.▓)▓.▓)▓.♣.♣.▓.▓
.▓.▓)▓.▓)▓.♣.♣.▓C▓
.▓.▓)▓.▓)▓.♣)♣.▓G▓
.▓.▓)▓.▓)▓.♣÷♣.▓C▓
)▓.▓)▓.▓)▓.♣)♣.▓@▓
!▓.▓)▓.▓.▓.▓†▓.▓.▓
)▓.▓'▓.▓=▓.▓.▓.▓.▓
!▓.▓.▓.▓.▓.▓.▓.▓.▓
.▓.▓.▓.▓.▓.▓.▓.▓.▓
.▓.▓.▓.▓.▓.▓.▓.▓.▓
.▓.▓.▓.▓'▓.▓.▓.▓.▓
.▓.▓.▓.▓.▓.▓.▓.▓.▓
'▓.▓.▓.▓.▓.▓.▓.▓.▓


You could see a fire giant (corroded), a stone giant (corroded) and a great orb
of eyes (corroded).

Vanquished Creatures
  Frances (D)
  Donald (D)
  Aizul (D)
  3 stone giants (D)
  A very ugly thing (D)
  2 entropy weavers (D)
  A bunyip (D)
  A fire dragon (D)
  An eleionoma (D)
  A rakshasa (D)
  Harold (D)
  Erolcha (D)
  3 hydras (D)
  3 ghost crabs (D)
  4 ice dragons (D)
  A merfolk avatar (D)
  An anaconda (D)
  A catoblepas (D)
  A spriggan air mage (D)
  An ogre mage (D)
  4 death yaks (D)
  An orc high priest (D)
  4 two-headed ogres (D)
  A naga sharpshooter (D)
  A spriggan berserker (D)
  A spriggan (D)
  A shock serpent (D)
  3 sea snakes (D)
  A swamp dragon (D)
  3 orc knights (D)
  4 orc sorcerers (D)
  3 ugly things (D)
  3 manticores (D)
  A wolf spider (D)
  A cyclops (D)
  A guardian serpent (D)
  2 black mambas (D)
  7 cane toads (D)
  A gargoyle (D)
  A naga mage (D)
  2 komodo dragons (D)
  A slime creature (D)
  A wind drake (D)
  A jumping spider (D)
  A blink frog (D)
  5 hornets (D)
  A snapping turtle (D)
  2 redbacks (D)
  A tarantella (D)
  3 yaks (D)
  Grum (D)
  A vampire mosquito (D)
  A basilisk (D)
  2 nagas (D)
  4 water moccasins (D)
  A black bear (D)
  11 orc warriors (D)
  2 wolves (D)
  A bullfrog (D)
  A howler monkey (D)
  A hound (D)
  4 orc priests (D)
  4 orc wizards (D)
  An adder (D)
  An ufetubus (D)
  2 adder zombies (D)
  9 orcs (D)
  An endoplasm (D)
  A goblin (D)
  A ball python simulacrum (D)
  A bat (D)
  A giant cockroach zombie (D)
  2 rats (D)
146 creatures vanquished.

Vanquished Creatures (others)
  A spriggan druid (D)
  A deep elf pyromancer (D)
  A bloated husk (D)
  3 orcs (D)
6 creatures vanquished.

Grand Total: 152 creatures vanquished

Notes
Turn   | Place    | Note
-------+----------+-------------------------------------------
     0 | D        | MikeHunt the Ghoul Fighter began the quest for the Orb.
     0 | D        | Reached XP level 1. HP: 19/19 MP: 0/0
    15 | D        | Reached skill level 3 in Unarmed Combat
    27 | D        | Noticed a hound
    50 | D        | Killed a hound
    51 | D        | Reached skill level 6 in Unarmed Combat
    51 | D        | Reached XP level 2. HP: 14/26 MP: 1/1
    51 | D        | Reached XP level 3. HP: 17/31 MP: 2/2
    66 | D        | Reached skill level 7 in Unarmed Combat
    66 | D        | Reached XP level 4. HP: 18/38 MP: 3/3
   232 | D        | Found a snail-covered altar of Cheibriados.
   232 | D        | Found a shadowy altar of Dithmenos.
   232 | D        | Found a blossoming altar of Fedhas.
   232 | D        | Found an opulent altar of Gozag.
   233 | D        | Found a hazy altar of Hepliaklqana.
   234 | D        | Found a viscous altar of Jiyva.
   235 | D        | Found an ancient bone altar of Kikubaaqudgha.
   236 | D        | Became a worshipper of Cheibriados the Contemplative
   237 | D        | Found a corrupted altar of Lugonu.
   238 | D        | Found a burning altar of Makhleb.
   239 | D        | Found a sparkling altar of Nemelex Xobeh.
   240 | D        | Found an iron altar of Okawaru.
   241 | D        | Found a stormy altar of Qazlal.
   242 | D        | Found a sacrificial altar of Ru.
   243 | D        | Found a shimmering blue altar of Sif Muna.
   244 | D        | Found a bloodstained altar of Trog.
   245 | D        | Found a hide-covered altar of Uskayaw.
   246 | D        | Found a radiant altar of Vehumet.
   247 | D        | Found an ornate altar of the Wu Jian Council.
   248 | D        | Found a shimmering altar of Xom.
   249 | D        | Found a basalt altar of Yredelemnul.
   290 | D        | Noticed an orc warrior
   290 | D        | Noticed a two-headed ogre
   290 | D        | Noticed a hornet
   290 | D        | Noticed a hornet
   292 | D        | Killed a hornet
   292 | D        | Killed an orc warrior
   292 | D        | Reached * piety under Cheibriados
   293 | D        | Reached skill level 5 in Fighting
   293 | D        | Reached skill level 9 in Unarmed Combat
   293 | D        | Reached XP level 5. HP: 38/50 MP: 4/4
   293 | D        | Reached XP level 6. HP: 43/57 MP: 5/5
   295 | D        | Killed a hornet
   295 | D        | Reached ** piety under Cheibriados
   295 | D        | Killed a two-headed ogre
   296 | D        | Reached skill level 5 in Dodging
   296 | D        | Reached skill level 12 in Unarmed Combat
   296 | D        | Reached XP level 7. HP: 50/67 MP: 6/6
   296 | D        | Reached XP level 8. HP: 56/74 MP: 7/7
   301 | D        | Reached *** piety under Cheibriados
   410 | D        | Noticed a slime creature
   410 | D        | Noticed a two-headed ogre
   410 | D        | Noticed a two-headed ogre
   410 | D        | Noticed a two-headed ogre
   410 | D        | Noticed a gargoyle
   410 | D        | Noticed a komodo dragon
   416 | D        | Killed a komodo dragon
   417 | D        | Reached skill level 1 in Invocations
   418 | D        | Killed a two-headed ogre
   419 | D        | Reached skill level 13 in Unarmed Combat
   419 | D        | Reached XP level 9. HP: 54/83 MP: 7/10
   419 | D        | Killed a gargoyle
   423 | D        | Killed a two-headed ogre
   423 | D        | Reached **** piety under Cheibriados
   424 | D        | Reached skill level 14 in Unarmed Combat
   424 | D        | Reached skill level 5 in Invocations
   425 | D        | Killed a two-headed ogre
   426 | D        | Reached skill level 10 in Fighting
   426 | D        | Reached XP level 10. HP: 62/93 MP: 7/13
   428 | D        | Reached ***** piety under Cheibriados
   619 | D        | Noticed a cane toad
   619 | D        | Noticed a seven-headed hydra
   619 | D        | Noticed a cane toad
   619 | D        | Noticed a cane toad
   620 | D        | Noticed a cane toad
   621 | D        | Killed a cane toad
   622 | D        | Reached skill level 15 in Unarmed Combat
   623 | D        | Killed a cane toad
   632 | D        | Killed a seven-headed hydra
   632 | D        | Killed a cane toad
   633 | D        | Reached skill level 10 in Armour
   636 | D        | Killed a cane toad
   691 | D        | Noticed a cane toad
   691 | D        | Noticed a six-headed hydra
   691 | D        | Noticed a cane toad
   695 | D        | Noticed a cane toad
   696 | D        | Killed a cane toad
   696 | D        | Reached ****** piety under Cheibriados
   698 | D        | Killed a six-headed hydra
   698 | D        | Killed a cane toad
   698 | D        | Killed a cane toad
   699 | D        | Reached XP level 11. HP: 78/102 MP: 4/15
   765 | D        | Noticed a death yak
   765 | D        | Noticed a catoblepas
   765 | D        | Noticed a death yak
   765 | D        | Noticed a death yak
   774 | D        | Noticed a death yak
   778 | D        | Killed a death yak
   779 | D        | Reached skill level 10 in Shields
   781 | D        | Killed a death yak
   782 | D        | Killed a catoblepas
   795 | D        | Killed a death yak
   801 | D        | Killed a death yak
  1067 | D        | Noticed Harold
  1075 | D        | Killed Harold
  1146 | D        | Noticed Grum
  1152 | D        | Killed Grum
  1163 | D        | Noticed Erolcha
  1170 | D        | Killed Erolcha
  1171 | D        | Reached XP level 12. HP: 92/112 MP: 8/16
  1269 | D        | Reached skill level 15 in Shields
  1289 | D        | Reached skill level 16 in Unarmed Combat
  1404 | D        | Found Jiaref's Assorted Antiques.
  1404 | D        | Noticed an orc high priest
  1411 | D        | Killed an orc high priest
  1418 | D        | Found Qikiocsa's Weapon Shop.
  1425 | D        | Found Qapsiam's Antique Weapon Boutique.
  1436 | D        | Found Peson's Armour Shop.
  1462 | D        | Bought an encrusted steel ring for 125 gold pieces
  1462 | D        | Bought a scroll labelled MIESAS EGABRE for 25 gold pieces
  1462 | D        | Bought a scroll labelled MIESAS EGABRE for 25 gold pieces
  1462 | D        | Bought a scroll labelled URAECA FAR QAM for 25 gold pieces
  1462 | D        | Bought a scroll labelled BOFAOP COESH for 25 gold pieces
  1462 | D        | Bought a potion of curing for 75 gold pieces
  1474 | D        | Bought a scarf of resistance for 352 gold pieces
  1474 | D        | Bought a +1 buckler of protection for 181 gold pieces
  1588 | D        | Found the +6 Majin-Bo {vamp, MP+6 Int+6}
  1606 | D        | Got the +0 cloak "Req Vul" {Str+6}
  1660 | D        | Noticed an ogre mage
  1660 | D        | Noticed a seven-headed hydra
  1673 | D        | Noticed an ice dragon
  1679 | D        | Noticed a white very ugly thing
  1684 | D        | Killed a seven-headed hydra
  1685 | D        | Reached skill level 10 in Dodging
  1687 | D        | Noticed a stone giant
  1692 | D        | Noticed an ice dragon
  1694 | D        | Killed a white very ugly thing
  1696 | D        | Killed an ogre mage
  1697 | D        | Reached skill level 10 in Invocations
  1700 | D        | Noticed an ice dragon
  1702 | D        | Killed an ice dragon
  1703 | D        | Reached XP level 13. HP: 77/122 MP: 9/19
  1709 | D        | Noticed a stone giant
  1714 | D        | Killed a stone giant
  1715 | D        | Reached skill level 17 in Unarmed Combat
  1715 | D        | Reached skill level 10 in Evocations
  1720 | D        | Killed an ice dragon
  1728 | D        | Killed an ice dragon
  1732 | D        | Killed a stone giant
  1918 | D        | Noticed a bunyip
  1919 | D        | Killed a bunyip
  1925 | D        | Noticed an eleionoma
  1937 | D        | Killed an eleionoma
  2333 | D        | Noticed an entropy weaver
  2336 | D        | Noticed an entropy weaver
  2338 | D        | Reached XP level 14. HP: 130/130 MP: 22/22
  2344 | D        | Killed an entropy weaver
  2347 | D        | Killed an entropy weaver
  2414 | D        | Noticed Aizul
  2435 | D        | Killed Aizul
  2459 | D        | Noticed Frances
  2475 | D        | Killed Frances
  2520 | D        | Noticed Donald
  2532 | D        | Killed Donald
  2784 | D        | Noticed a stone giant
  2790 | D        | Noticed a stone giant
  2795 | D        | Reached skill level 15 in Fighting
  2800 | D        | Noticed a stone giant
  2809 | D        | Reached skill level 15 in Armour
  2809 | D        | Reached skill level 15 in Dodging
  2810 | D        | Noticed a fire giant
  2814 | D        | Killed a stone giant
  2819 | D        | Annihilated by a stone giant

Illustrated notes

Levels and vault maps discovered:
D:        linesprint [early_d, line_temple, items_1, d_10, items_2, lair_1,
          lair_end, items_3, orc_1, orc_end, items_4, d_15, swamp_1, shoals_1,
          snake_1, spider_1, d_20, vaults_1, items_5, swamp_end, shoals_end,
          snake_end, spider_end, vaults_end, d_27, items_6, zot_1, zot_end,
          crypt_end, forest_end, elf_end, slime_end, tomb_end, abyss_end,
          pan_hell_end]

Skill      XL: |  1  2  3  4  5  6  7  8  9 10 11 12 13 14 |
---------------+-------------------------------------------+-----
Unarmed Combat | 6 7 9 12 13 14 15 16 17 | 17.1
Armour         | 4 6 7 8 9 10 11 13 15 | 15.1
Fighting       | 5 7 9 10 11 13 15 | 15.1
Dodging        | 3 5 6 8 9 10 13 15 | 15.1
Evocations     | 3 6 7 9 13 14 | 14.0
Invocations    | 3 6 7 10 12 | 12.0
Shields        | 8 14 15 | 15.0

Action                   |  1- 3 |  4- 6 |  7- 9 | 10-12 | 13-15 || total
-------------------------+-------+-------+-------+-------+-------++-------
Melee: Unarmed           |    49 |     2 |    17 |   166 |   201 ||   435
       Punch             |       |       |     1 |     2 |       ||     3
Invok: Slouch            |       |       |       |    12 |     9 ||    21
       Bend Time         |       |       |       |     4 |       ||     4
       Temporal Distorti |       |       |       |     2 |     2 ||     4
Evoke: Wand              |       |     3 |     2 |     2 |     1 ||     8
  Use: Potion            |     1 |       |       |       |       ||     1
 Stab: Petrified         |       |       |       |     2 |       ||     2
Armor: Scale mail        |    20 |       |       |       |       ||    20
       Plate armour      |       |       |     2 |    17 |       ||    19
       Storm dragon scal |       |       |       |     9 |    24 ||    33
       Chain mail        |       |       |       |     1 |       ||     1
Dodge: Dodged            |    23 |     5 |     9 |    95 |   133 ||   265
Block: Kite shield       |       |       |       |    55 |   129 ||   184

Table legend: (Time is in decaauts)
 A = Elapsed time spent in this place.
 B = Non-inter-level travel time spent in this place.
 C = Inter-level travel time spent in this place.
 D = Time resting spent in this place.
 E = Time spent auto-exploring this place.
 F = Levels seen in this place.
 G = Mean time per level.
                   A        B        C        D        E       F      G
               +--------+--------+--------+--------+--------+-----+--------+
         Total |   3423 |   3423 |      0 |   1347 |      0 |   1 | 3423.0 |
       Dungeon |   3423 |   3423 |      0 |   1347 |      0 |   1 | 3423.0 |
               +--------+--------+--------+--------+--------+-----+--------+

Top non-repeatable levels by time:
       D: 3423 daAuts
